 Dungeon Crawl Stone Soup version 0.22-a0-254-gaf95ca0ccb (webtiles) character file.

4262 Peterchen the Severer (level 10, 0/115 HPs)
             Began as a Minotaur Berserker on Mar 4, 2018.
             Was a High Priest of Trog.
             Slain by an orc warrior
             ... wielding a +1 halberd of freezing
              (23 damage)
             ... on level 9 of the Dungeon.
             The game lasted 00:15:04 (6664 turns).

Peterchen the Severer (Minotaur Berserker)          Turns: 6664, Time: 00:15:05

Health: 0/115      AC:  8    Str: 30    XL:     10   Next: 10%
Magic:  18/18      EV:  8    Int:  4    God:    Trog [*****.]
Gold:   627        SH: 10    Dex: 10    Spells: 9/9 levels left

rFire    . . .     SeeInvis +   z - +0 war axe
rCold    . . .     Gourm    .   B - +0 shield
rNeg     . . .     Faith    .   l - +1 ring mail
rPois    .         Spirit   .   (helmet restricted)
rElec    .         Reflect  +   h - +0 cloak
rCorr    .         Harm     .   (no gloves)
MR       .....                  w - +0 pair of boots
Stlth    ..........             q - +2 amulet of reflection
HPRegen  0.29/turn              v - ring of magical power
MPRegen  0.16/turn              E - ring of see invisible

@: berserking, slowed
A: retaliatory headbutt, horns 2
a: Berserk, Trog's Hand, Brothers in Arms, Renounce Religion


You were on level 9 of the Dungeon.
You worshipped Trog.
Trog was extremely pleased with you.
You were hungry.

You visited 1 branch of the dungeon, and saw 9 of its levels.
You also visited: Sewer.

You collected 627 gold pieces.

Inventory:

Hand Weapons
 z - a +0 war axe (weapon)
Armour
 h - a +0 cloak (worn)
 l - a +1 ring mail (worn)
 w - a +0 pair of boots (worn)
 B - a +0 shield (worn)
Jewellery
 q - a +2 amulet of reflection (around neck)
 v - a ring of magical power (left hand)
 E - a ring of see invisible (right hand)
Wands
 f - a wand of flame (25)
Scrolls
 a - 2 scrolls of fog
 b - 4 scrolls of remove curse
 m - 8 scrolls of teleportation
 r - 2 scrolls of fear
 u - 3 scrolls of enchant weapon
 x - 2 scrolls of noise
 y - a scroll of silence
 A - a scroll of blinking
 D - 2 scrolls of immolation
Potions
 d - 2 potions of degeneration
 e - 2 potions of ambrosia
 g - a potion of brilliance {unknown}
 i - 4 potions of agility {unknown}
 j - 2 potions of curing {unknown}
 k - 2 potions of heal wounds {unknown}
 n - 3 potions of flight {unknown}
 p - 5 potions of might {unknown}
 t - a potion of lignification {unknown}
 C - a potion of haste {unknown}
Comestibles
 c - 14 rations


   Skills:
 - Level 3.6 Fighting
 * Level 16.6 Axes
 - Level 2.4 Armour
 - Level 2.1 Dodging


You had 9 spell levels left.
You didn't know any spells.

Dungeon Overview and Level Annotations

Branches:
Dungeon (9/15)             Temple (0/1) D:6
   Lair: D:8-11         Orc: D:9-12

Altars:
Ashenzari
Dithmenos
Elyvilon
Fedhas
Gozag
Hepliaklqana
Nemelex Xobeh
Okawaru
Qazlal
Trog
Uskayaw
Wu Jian
Xom
Zin
The Shining One


Innate Abilities, Weirdness & Mutations

You reflexively headbutt those who attack you in melee.
You have a pair of horns on your head.


Message History

The orc warrior hits you with a halberd of freezing!!
* * * LOW HITPOINT WARNING * * *
The orc warrior freezes you.
* * * LOW HITPOINT WARNING * * *
You hit the orc warrior but do no damage.
The orc warrior is almost dead.
You hit the orc.
Your shield and ring mail prevent you from hitting the orc.
You block the orc's attack. The orc hits you but does no damage.
You block the orc priest's attack.
You closely miss the orc warrior.
The orc warrior is almost dead.
You hit the orc wizard. You slash the orc!
You feel the power of Trog in you as your rage grows.
You kill the orc!
Trog accepts your kill.
Your shield prevents you from hitting the orc.
The orc wizard looks satisfied for a moment.
The orc warrior hits you with a halberd of freezing!!
You die...

#.##.# ##....
#..#.# ##.....
##.###....###......
............'......
#####...####......
## ###..## ##.>...
##8# #...## ##..[.
...#..o##)#.# ##...
...o..o@))..# ##+#
......o[)#.## #.#
......o.##.# #.#
...#...###.# ##.#
#8 ##8# #.# ##..( #
## .# #.... ..
######... .........
######.#


You could see an orc warrior, an orc priest, 2 orc wizards and an orc.

Vanquished Creatures
  2 two-headed ogres
  Grinder (D:3)
  Grum (D:8)
  A water moccasin (D:8)
  Purgy (Sewer)
  2 orc warriors (D:9)
  4 phantoms
  A sky beast (D:5)
  2 wolves (D:8)
  3 centaurs
  3 scorpions
  6 killer bees (D:7)
  2 howler monkeys
  4 crimson imps
  2 bullfrog skeletons
  A jelly (D:9)
  2 hounds
  An iguana (D:5)
  5 orc wizards
  8 worker ants
  A hound skeleton (D:7)
  2 worker ant zombies
  8 gnolls
  11 adders
  A shadow imp (D:5)
  2 adder skeletons
  An adder zombie (D:5)
  5 worms
  3 dart slugs
  5 leopard geckos
  14 orcs
  9 bats
  8 giant cockroaches
  7 hobgoblins
  26 jackals
  8 kobolds
  5 quokkas
  A ball python (Sewer)
  12 frilled lizards
  A giant cockroach zombie (D:3)
  6 goblins
  17 rats
205 creatures vanquished.

Notes
Turn   | Place    | Note
-------+----------+-------------------------------------------
     0 | D:1      | Peterchen the Minotaur Berserker began the quest for the Orb.
     0 | D:1      | Reached XP level 1. HP: 19/19 MP: 0/0
    35 | D:1      | Reached skill level 4 in Axes
   145 | D:1      | Reached XP level 2. HP: 24/26 MP: 1/1
   350 | D:1      | Reached skill level 5 in Axes
   353 | D:1      | Reached XP level 3. HP: 17/31 MP: 2/2
   361 | D:1      | Reached ** piety under Trog
   734 | D:2      | Reached skill level 6 in Axes
   734 | D:2      | Reached XP level 4. HP: 20/39 MP: 3/3
  1468 | D:2      | Found a hide-covered altar of Uskayaw.
  1673 | D:3      | Noticed Grinder
  1679 | D:3      | Killed Grinder
  1679 | D:3      | Reached skill level 8 in Axes
  1679 | D:3      | Reached XP level 5. HP: 45/45 MP: 4/4
  1679 | D:3      | Reached XP level 6. HP: 51/51 MP: 5/5
  1794 | D:3      | Found an iron altar of Okawaru.
  1861 | D:3      | Found a stormy altar of Qazlal.
  1871 | D:3      | Reached *** piety under Trog
  2027 | D:3      | Found a sparkling altar of Nemelex Xobeh.
  2115 | D:3      | Found an ornate altar of the Wu Jian Council.
  2267 | D:3      | Found a glowing drain.
  2272 | Sewer    | Entered a sewer
  2318 | Sewer    | Noticed Purgy
  2323 | Sewer    | Killed Purgy
  2323 | Sewer    | Reached skill level 9 in Axes
  2658 | D:4      | Reached XP level 7. HP: 40/57 MP: 6/6
  2956 | D:4      | Found a white marble altar of Elyvilon.
  3022 | D:4      | Reached skill level 10 in Axes
  3388 | D:5      | Entered Level 5 of the Dungeon
  3503 | D:5      | Reached skill level 11 in Axes
  3546 | D:5      | Reached **** piety under Trog
  3747 | D:5      | Reached XP level 8. HP: 55/64 MP: 7/7
  3794 | D:5      | Found a blossoming altar of Fedhas.
  3908 | D:5      | Found a shattered altar of Ashenzari.
  3918 | D:5      | Reached skill level 12 in Axes
  4061 | D:6      | Found a sparkling altar of Nemelex Xobeh.
  4117 | D:6      | Found an opulent altar of Gozag.
  4168 | D:6      | Found a shadowy altar of Dithmenos.
  4361 | D:6      | Found a staircase to the Ecumenical Temple.
  4392 | D:6      | Noticed a moth of wrath
  4395 | D:6      | Found a bloodstained altar of Trog.
  4540 | D:6      | Found a glowing golden altar of the Shining One.
  4662 | D:7      | Reached skill level 13 in Axes
  5041 | D:7      | Received a gift from Trog
  5074 | D:7      | Found a hazy altar of Hepliaklqana.
  5376 | D:8      | Noticed a two-headed ogre
  5510 | D:7      | Reached XP level 9. HP: 70/70 MP: 8/8
  5512 | D:7      | Reached skill level 14 in Axes
  5738 | D:8      | Killed a two-headed ogre
  5797 | D:8      | Reached skill level 15 in Axes
  5924 | D:8      | Paralysed by fainting for 12 turns
  5986 | D:8      | Noticed Grum
  5990 | D:8      | Killed Grum
  6387 | D:9      | Noticed a two-headed ogre
  6395 | D:9      | Killed a two-headed ogre
  6395 | D:9      | Reached skill level 16 in Axes
  6395 | D:9      | Reached XP level 10. HP: 51/77 MP: 9/9
  6421 | D:9      | Found a glowing silver altar of Zin.
  6421 | D:9      | Found a shimmering altar of Xom.
  6421 | D:9      | Noticed an angel
  6658 | D:9      | Reached ***** piety under Trog
  6664 | D:9      | Slain by an orc warrior

Vault maps used:
D:1:      nicolae_arrival_somewhat_less_tricky_arrival
D:2:      nicolae_overflow_hidden_temple
D:3:      lemuel_coloured_pillars_altar, nicolae_qazlal_general_emergency,
          okawaru_gym_becter, lightli_sewer_entry_pipes,
          nemelex_xobeh_ov_fountains_minmay, uniq_grinder
D:4:      elyvilon_altar_5, first_ration, kennysheep_opposing_triangles
D:5:      lemuel_round_altar, fedhas_altar_2
D:6:      tgw_trog, kennysheep_mini, nicolae_gozag_seed_capital,
          lemuel_crystal_altar, temple_statues, nicolae_dithmenos_the_darkroom
D:7:      overflow_temple_1_default
D:8:      uniq_grum
D:9:      grunt_temple_overflow_order_and_chaos_1, david_orc_4
Sewer:    sewer_co_purgy_island

Skill      XL: |  1  2  3  4  5  6  7  8  9 |
---------------+----------------------------+-----
Axes           | 4 5 6 8 9 11 13 16 | 16.6
Fighting       | |  3.6
Armour         | |  2.4
Dodging        | |  2.1

Action                   |  1- 3 |  4- 6 |  7- 9 | 10-12 || total
-------------------------+-------+-------+-------+-------++-------
Melee: Hand axe          |    56 |   146 |   143 |       ||   345
       Headbutt          |     9 |    19 |    62 |     5 ||    95
       War axe           |       |       |   153 |    24 ||   177
Invok: Berserk           |     2 |     2 |     2 |     1 ||     7
  Use: Scroll            |       |     9 |     7 |       ||    16
  Eat: Chunk             |       |     9 |    14 |     1 ||    24
Armor: Animal skin       |    11 |    27 |       |       ||    38
       Ring mail         |       |    15 |    96 |     8 ||   119
Dodge: Dodged            |    45 |   101 |   125 |     5 ||   276
Block: Other             |       |     2 |     3 |       ||     5
       Buckler           |       |       |    20 |       ||    20
       Shield            |       |       |    61 |    12 ||    73
       Reflection        |       |       |     2 |     1 ||     3

Table legend:
 A = Spawn XP
 B = Non-spawn XP
 C = Spawn XP percentage of total XP
 D = Spawn monster count
 E = Non-spawn monster count
 F = Spawn count percentage of total count
 G = Total turns spent on level
                    A         B        C        D         E        F      G
               +---------+---------+-------+---------+---------+-------+---------
         Total |       0 |    6089 |   0.0 |       0 |     205 |   0.0 |  6664
               +---------+---------+-------+---------+---------+-------+---------
           D:1 |       0 |      48 |   0.0 |       0 |      27 |   0.0 |   709
           D:2 |       0 |     138 |   0.0 |       0 |      28 |   0.0 |   964
           D:3 |       0 |     370 |   0.0 |       0 |      28 |   0.0 |   764
           D:4 |       0 |     248 |   0.0 |       0 |      10 |   0.0 |   756
           D:5 |       0 |     816 |   0.0 |       0 |      23 |   0.0 |   663
           D:6 |       0 |     400 |   0.0 |       0 |      23 |   0.0 |   572
           D:7 |       0 |     888 |   0.0 |       0 |      30 |   0.0 |  1104
           D:8 |       0 |    1717 |   0.0 |       0 |      15 |   0.0 |   658
           D:9 |       0 |    1320 |   0.0 |       0 |      14 |   0.0 |   279
         Sewer |       0 |     144 |   0.0 |       0 |       7 |   0.0 |   195
               +---------+---------+-------+---------+---------+-------+---------
